 Dungeon Crawl Stone Soup version 0.27-b1-23-g44b8eac545 (webtiles) character file.

Game seed: 7803069732924949037

44 hawla the Conjurer (level 3, 0/20 HPs)
             Began as a Deep Elf Conjurer on July 26, 2021.
             Slain by a goblin (6 damage)
             ... led by Robin
             ... on level 2 of the Dungeon on July 27, 2021.
             The game lasted 00:03:35 (1500 turns).

hawla the Conjurer (Deep Elf Conjurer)              Turns: 1500, Time: 00:03:35

Health: 0/20       AC:  3    Str:  3 (4)  XL:     3   Next: 39%
Magic:  7/9        EV: 12    Int: 22 (23) God:
Gold:   64         SH:  0    Dex: 11 (13) Spells: 5/8 levels left

rFire    . . .     SeeInvis .   d - staff of conjuration
rCold    . . .     Faith    .   (no shield)
rNeg     . . .     Spirit   .   a - +1 robe
rPois    .         Reflect  .   (no helmet)
rElec    .         Harm     .   (no cloak)
rCorr    .         Rampage  .   (no gloves)
Will     .....                  (no boots)
Stlth    ++........             (no amulet)
HPRegen  0.06/turn              (no ring)
MPRegen  0.11/turn              (no ring)

@: hasted, very quick
A: no striking features
a: no special abilities


You were on level 2 of the Dungeon.
You visited 1 branch of the dungeon, and saw 2 of its levels.

You collected 64 gold pieces.

Inventory:

Missiles
 e - a throwing net
Armour
 a - a +1 robe (worn)
Magical Staves
 d - a staff of conjuration (weapon)
Scrolls
 f - a scroll of teleportation {unknown}
Potions
 b - a potion of degeneration
 h - a potion of resistance {unknown}


   Skills:
 - Level 1.0 Fighting
 - Level 2.4 Dodging
 - Level 2.4 Stealth
 - Level 3.0 Spellcasting
 + Level 4.9 Conjurations
 + Level 2.0 Translocations


You had 5 spell levels left.
You knew the following spells:

 Your Spells              Type           Power      Damage    Failure   Level
a - Magic Dart            Conj           100%       1d8       1%          1
b - Searing Ray           Conj           74%        3d6       2%          2

Your spell library contained the following spells:

 Spells                   Type           Power      Damage    Failure   Level
 Dazzling Flash           Conj/Hex       42%        N/A       14%         3
 Iskenderun's Mystic Bla  Conj/Tloc      28%        2d7       28%         4
 Fulminant Prism          Conj/Hex       10%        3d9       41%         4


Dungeon Overview and Level Annotations

Branches:
Dungeon (2/15)

Altars:

Annotations:
D:2 Robin


Message History

A goblin comes into view. It is wielding a +0 dagger.
A hobgoblin comes into view.
The goblin closely misses you.
Found 9 gold pieces.
The goblin shouts! x2
Robin's horned helmet rattles.
Robin throws the goblin at you!
The goblin unwields a +1 dagger of draining.
The goblin wields a +0 hunting sling.
The goblin shoots a stone.
The stone hits you. The goblin closely misses you.
The goblin hits you with a +0 club.
Casting: Searing Ray (safe; 2% risk of failure)
Confirm with . or Enter, or press ? or * to list all spells.
Aiming: Searing Ray (safe; 2% risk of failure)
Press: ? - help, Shift-Dir - straight line, f - goblin
Aim: a goblin, wielding a +0 dagger (76% to hit)
You feel a surge of power!
The searing ray hits the goblin!
You kill the goblin! (Press . to maintain the ray.) Robin roars a battlecry!
The goblins go into a battle-frenzy!
The goblin hits you with a +0 club. x2
* * * LOW HITPOINT WARNING * * *
The goblin shouts!
Robin throws the goblin at you!
* * * LOW HITPOINT WARNING * * *
The goblin barely misses you. The goblin misses you.
You see here a +0 dagger.
It was a potion of degeneration.
There was something very wrong with that liquid.
You feel weakened.
You feel dopey.
You feel clumsy. The goblin completely misses you.
The goblin hits you with a +0 club.
* * * LOW HITPOINT WARNING * * *
The goblin completely misses you.
It was a potion of haste.
You feel yourself speed up. The goblin hits you but does no damage.
The goblin hits you with a +0 club.
* * * LOW HITPOINT WARNING * * *
The goblin barely misses you.
It was a potion of curing.
You feel better. The goblin hits you with a +0 club.
You die...

.......
................
....g..........
..............
....... .....
....... ...
.....gg###.##
.....gggg#..##
.......#g@g..#####
.......####......#
.......
#...>..#######
......#
##...........#
.$...#
#..............
####.
#.........##..# #.
####.####......
#.###..##...
#####.....###...


You could see a hobgoblin (strong) and 7 goblins.

Vanquished Creatures
  A gnoll (D:1)
  3 dart slugs (D:1)
  4 bats
  7 endoplasms
  4 goblins
  A ball python (D:1)
  A frilled lizard (D:2)
  4 kobolds
  2 rats (D:1)
27 creatures vanquished.

Notes
Turn   | Place    | Note
-------+----------+-------------------------------------------
     0 | D:1      | hawla the Deep Elf Conjurer began the quest for the Orb.
     0 | D:1      | Reached XP level 1. HP: 10/10 MP: 6/6
   127 | D:1      | Reached skill level 1 in Translocations
   127 | D:1      | Reached XP level 2. HP: 14/16 MP: 2/8
   130 | D:1      | Learned a level 2 spell: Searing Ray
   383 | D:1      | Reached skill level 1 in Fighting
   683 | D:1      | Reached XP level 3. HP: 20/20 MP: 3/9
   683 | D:1      | Upgraded the game from 0.27-b1-16-g6517624069 to
                  | 0.27-b1-23-g44b8eac545
  1161 | D:2      | Identified a scroll of acquirement
  1161 | D:2      | Acquired a staff of conjuration
  1492 | D:2      | Noticed Robin
  1499 | D:2      | HP: 1/20 [goblin[Robin] (2)]
  1500 | D:2      | Slain by a goblin

Illustrated notes

Levels and vault maps discovered:
D:1:      dpeg_arrival_solitude, layout_basic, minmay_tromino_i4
D:2:      layout_rooms, uniq_robin

Skill      XL: |  1  2  3 |
---------------+----------+-----
Translocations | 1 2 |  2.0
Fighting       | 1 |  1.0
Dodging        | |  2.4
Stealth        | |  2.4
Spellcasting   | |  3.0
Conjurations   | |  4.9

Action                   || total
-------------------------++-------
Melee: Staff             ||     4
 Cast: Magic Dart        ||    21
       Searing Ray       ||    19
  Use: Potion            ||     3
       Scroll            ||     2
Armor: Robe              ||     8
Dodge: Dodged            ||    23
